 Dungeon Crawl Stone Soup version 0.31-a0-180-g519b7de00c (webtiles) character file.

Game seed: 5200422181103865827

79 qw the Chopper (level 4, -2/28 HPs)
             Began as a Gargoyle Fighter on June 20, 2023.
             Slain by Sigmund
             ... wielding a +0 scythe
              (4 damage)
             ... on level 3 of the Dungeon.
             The game lasted 00:01:02 (1903 turns).

qw the Chopper (Gargoyle Fighter)                   Turns: 1903, Time: 00:01:02

Health: -2/28      AC: 12    Str: 18 (21) XL:     4   Next: 37%
Magic:  4/4        EV: 14    Int:  8 (9)  God:
Gold:   55         SH:  0    Dex: 14 (15) Spells: 3/3 levels left

rFire   + + .        Y - +1 war axe
rCold   . . .        c - +0 buckler
rNeg    + . .        b - +0 scale mail
rPois   inf          j - +0 helmet
rElec   +            a - +0 cloak
rCorr   .            (no gloves)
SInv    .            (no boots)
Will    .....        (no amulet) Stlth
                     o - +6 ring of dexterity
HPRegen 0.24/turn    e - ring "Burap" {rF++ EV+5}
MPRegen 0.09/turn

%: no passive effects
@: confused
A: sickness immunity, AC +3, negative energy resistance 1, electricity
resistance, torment resistance 1, petrification resistance
a: no special abilities


You were on level 3 of the Dungeon.
You visited 1 branch of the dungeon, and saw 3 of its levels.

You collected 55 gold pieces.


Innate Abilities, Weirdness & Mutations

You are immune to sickness and miasma.
Your stone body is resilient. (AC +3)
You are immune to poison.
You resist negative energy. (rN+)
You are resistant to electric shocks. (rElec)
You are resistant to unholy torment.
You are immune to petrification.


   Skills:
 - Level 3.2 Fighting
 - Level 4.0 Axes
 - Level 3.2 Armour
 + Level 0.1 Dodging
 - Level 3.2 Shields


You had 3 spell levels left.
You didn't know any spells.
Your spell library was empty.

Inventory:

Hand Weapons
 f - a +0 flail
 Y - a +1 war axe (weapon)
Armour
 a - a +0 cloak (worn)
 b - a +0 scale mail (worn)
 c - a +0 buckler (worn)
 j - a +0 helmet (worn)
Jewellery
 e - the ring "Burap" (right hand) {rF++ EV+5}
   (You acquired it on level 2 of the Dungeon)

   [ring of evasion]

   EV:        It affects your evasion (+5).
   rF:        It greatly protects you from fire.
 o - a +6 ring of dexterity (left hand)
Scrolls
 h - 2 scrolls of identify
Potions
 d - a potion of might
 g - a potion of curing
 m - a potion of heal wounds {unknown}
 p - a potion of berserk rage {unknown}

Dungeon Overview and Level Annotations

Branches:
Dungeon (3/15)

Altars:

Annotations:
D:3 Sigmund


Message History

You swing at nothing.
Sigmund appears from thin air!
Reactivating autopickup.
Sigmund closely misses you. Sigmund misses you.
Things that are here:
a +0 dagger; 2 poisoned darts; a kobold corpse You slash Sigmund!
Sigmund is moderately wounded.
Sigmund closely misses you.
You completely miss Sigmund.
Sigmund is moderately wounded.
Sigmund barely misses you.
You barely miss Sigmund.
Sigmund is moderately wounded.
Sigmund hits you but does no damage.
You barely miss Sigmund.
Sigmund is moderately wounded.
Sigmund gestures wildly while chanting.
Sigmund flickers and vanishes!
Deactivating autopickup; reactivate with Ctrl-A.
You closely miss something.
You hear some strange, mumbled words.
A puff of flame appears from out of thin air!
The puff of flame hits you but does no damage.
You closely miss something. Something barely misses you.
You completely miss something. You block something's attack.
You barely miss something.
You hear some strange, mumbled words.
A puff of flame appears from out of thin air!
The puff of flame hits you. You resist.
You closely miss something.
You hear some strange, mumbled words.
You are confused.
You're too confused to move!
Something hits you. Something hits you.
You die...

###....##.##.......
#.......#........
#.......+........
##...####.<).....
##..# ##.......
##.# ##.....#
#####.# ##...##
#....^# ##+##
#@##### #{# #.# #.#
#.# #.# #.. ###


There were no monsters in sight!

Vanquished Creatures
  5 adders (D:2)
  A dart slug (D:2)
  An orc (D:3)
  5 giant cockroaches
  4 hobgoblins
  3 quokkas
  2 ball pythons (D:2)
  3 goblins
  4 kobolds
  6 rats
34 creatures vanquished.

Notes
Turn   | Place    | Note
-------+----------+-------------------------------------------
     0 | D:1      | qw the Gargoyle Fighter began the quest for the Orb.
     0 | D:1      | Reached XP level 1. HP: 14/14 MP: 1/1
     0 | D:1      | 0 ||| qw: Version: 0.3-a-9-g12657ce
     0 | D:1      | 0 ||| qw: Game counter: 1143
     0 | D:1      | 0 ||| qw: Always use a shield: true
     0 | D:1      | 0 ||| qw: God list: Okawaru
     0 | D:1      | 0 ||| qw: Allow faded altars: false
     0 | D:1      | 0 ||| qw: Do Orc after D:15 true
     0 | D:1      | 0 ||| qw: Do second Lair branch before Depths: true
     0 | D:1      | 0 ||| qw: Lair rune preference: random
     0 | D:1      | 0 ||| qw: Plans: Normal, Zot:1-4, Slime:5, God:TSO, Crypt,
                  | Tomb, Abyss, Pan, Hells, Win
     0 | D:1      | 0 ||| PLANNING D:1-11
    47 | D:1      | Reached skill level 2 in Axes
   361 | D:1      | Reached XP level 2. HP: 19/19 MP: 2/2
   642 | D:1      | 642 ||| READING scroll labelled WESIM NA BUQOL.
   643 | D:1      | 643 ||| READING scroll labelled XUOQIG YVVADE.
   644 | D:1      | 644 ||| READING 2 scrolls labelled SAGOSE WIAGAURPH.
   645 | D:1      | 645 ||| DRINKING 3 inky potions.
   646 | D:1      | 646 ||| DROPPING 2 potions of degeneration.
   765 | D:2      | Reached skill level 3 in Axes
   765 | D:2      | Reached XP level 3. HP: 23/23 MP: 3/3
   772 | D:2      | 772 ||| Stepping ~*~*~tactically~*~*~ (hiding).
   967 | D:2      | 967 ||| DROPPING +0 club.
   996 | D:2      | 996 ||| Stepping ~*~*~tactically~*~*~ (stealth).
  1268 | D:2      | Reached XP level 4. HP: 28/28 MP: 4/4
  1340 | D:2      | 1340 ||| Stepping ~*~*~tactically~*~*~ (hiding).
  1546 | D:2      | Reached skill level 4 in Axes
  1746 | D:2      | 1746 ||| UPGRADING to +0 cloak.
  1751 | D:2      | 1751 ||| UPGRADING to +0 helmet.
  1756 | D:2      | 1756 ||| UPGRADING to +6 ring of dexterity.
  1757 | D:2      | 1757 ||| READING scroll labelled YGOAQI PIBLAES.
  1757 | D:2      | Identified a scroll of acquirement
  1757 | D:2      | 1757 ||| ACQUIRING ring "Burap" {rF++ EV+5}
  1757 | D:2      | Acquired the ring "Burap" {rF++ EV+5}
  1759 | D:2      | 1759 ||| UPGRADING to ring "Burap" {rF++ EV+5}.
  1760 | D:2      | 1760 ||| READING scroll labelled NAANIM EREE.
  1761 | D:2      | 1761 ||| READING 3 scrolls labelled OGUHUCONGO.
  1780 | D:2      | 1780 ||| READING scroll labelled QOGAKHL VATESCH.
  1781 | D:2      | 1781 ||| READING scroll labelled ARIFANA DORUSEAZ.
  1782 | D:2      | 1782 ||| READING 3 scrolls of identify.
  1782 | D:2      | 1782 ||| IDENTIFYING fuming ruby potion
  1783 | D:2      | 1783 ||| READING 2 scrolls of identify.
  1783 | D:2      | 1783 ||| IDENTIFYING metallic grey potion
  1784 | D:2      | 1784 ||| DROPPING 2 scrolls of torment.
  1785 | D:2      | 1785 ||| DROPPING potion of brilliance.
  1802 | D:3      | 1802 ||| DROPPING +0 whip.
  1857 | D:3      | Noticed Sigmund
  1858 | D:3      | 1858 ||| Stepping ~*~*~tactically~*~*~ (hiding).
  1886 | D:3      | HP: 3/28 [something/magic dart (8)]
  1900 | D:3      | HP: 6/28 [something/puff of flame (1)]
  1902 | D:3      | HP: 2/28 [something (5)]
  1903 | D:3      | Slain by Sigmund

Levels and vault maps discovered:
D:1:      mrwooster_arrival_statue_3, layout_basic
D:2:      layout_loops_ring
D:3:      layout_loops_corners, dreamdust_ecumenical_altar_grove, uniq_jessica,
          uniq_sigmund

Skill      XL: |  1  2  3  4 |
---------------+-------------+-----
Axes           | 2 3 4 |  4.0
Fighting       | |  3.2
Armour         | |  3.2
Dodging        | |  0.1
Shields        | |  3.2

Action                     |  1- 3 |  4- 6 || total
---------------------------+-------+-------++-------
  Melee: War axe           |   127 |    47 ||   174
    Use: Scroll            |     3 |     7 ||    10
         Potion            |     1 |       ||     1
 Armour: Scale mail        |    71 |    31 ||   102
  Dodge: Dodged            |    60 |    27 ||    87
  Block: Buckler           |    23 |     9 ||    32

Table legend:
 A = Non-vault XP
 B = Vault XP
 C = Vault XP percentage of total XP
 D = Non-vault monster count
 E = Vault monster count
 F = Vault count percentage of total count
                 A         B        C        D         E       F
            +---------+---------+-------+---------+---------+-------
      Total |     113 |       0 |   0.0 |      34 |       0 |   0.0
            +---------+---------+-------+---------+---------+-------
        D:1 |      20 |       0 |   0.0 |      12 |       0 |   0.0
        D:2 |      89 |       0 |   0.0 |      20 |       0 |   0.0
        D:3 |       4 |       0 |   0.0 |       2 |       0 |   0.0
            +---------+---------+-------+---------+---------+-------
